[Event "*** Titled Tuesday 3|2 Blitz"]
[Site "Chess.com"]
[Date "2015.12.01"]
[Round "3"]
[White "spectralsoul"]
[Black "kikydu96"]
[Result "1-0"]
[WhiteElo "2477"]
[BlackElo "2251"]
[TimeControl "180+2"]
[EndTime "11:32:30 PST"]
[Termination "spectralsoul won by resignation"]

1. g3 d5 2. Bg2 Nf6 3. d4 c6 4.
c4 Bf5 5. Nd2 e6 6. Ngf3 h6 7.
O-O Nbd7 8. Re1 Be7 9. a3 O-O 10. b4 a5 11. bxa5 Qxa5 12. Bb2 Ne4 13. Qc1 Nxd2 14. Nxd2 Bg5 15. e3 Nb6 16. Bc3 Qa6 17. Bb4 Rfc8 18. Bf1 Qa4 19. Qb2 Nd7 20. e4 dxe4 21.
Nxe4 Bxe4 22. Rxe4 Bf6 23. Bc3 c5 24. dxc5 Bxc3 25.
Qxc3 Nxc5 26. Rg4 g6 27. Qe3 Kh7 28. Rf4 f5 29. Rh4 h5 30. Rd4 Nb3 31. Rb1 Nc5 32. Rb5 Rc7 33. Qe5 Rac8 34. Rd6 Qxc4 35. Bxc4 1-0

[Event "*** Titled Tuesday 3|2 Blitz"]
[Site "Chess.com"]
[Date "2015.12.01"]
[Round "3"]
[White "AndreyOstrovskiy"]
[Black "bugsbunny444"]
[Result "1-0"]
[WhiteElo "2440"]
[BlackElo "2339"]
[TimeControl "180+2"]
[EndTime "11:32:48 PST"]
[Termination "AndreyOstrovskiy won by resignation"]

1. e4 e6 2. d4 d5 3. Nc3 Nf6 4. e5 Nfd7 5. f4 c5 6. Nf3 Nc6 7. Be3 cxd4 8. Nxd4 Bc5 9. Qd2 O-O 10. O-O-O a6 11.
Qf2 Qe7 12. Bd3 f6 13. exf6 Nxf6 14. Nxc6 Bxe3+ 15. Qxe3 bxc6 16. g3 Rb8 17. Be2 Qb4 18.
b3 c5 19. Nb1 Bd7 20. Qd2 Qb6 21. Bf3 Kh8 22. Rhe1 a5 23. f5 a4 24. fxe6 Bxe6 25. Nc3 axb3 26. axb3 d4 27. Na4 Qd6 28. Qf4 Qxf4+ 29.
gxf4 Bd5 30. Bxd5 Nxd5 31. Nxc5 Rxf4 32. Ne6 Rh4 33. Rxd4 Rxd4 34. Nxd4 h6 35. Kb2 Rf8 36. Re5 Nf4 37. Ne6 Re8 38. Nxf4 Rxe5 39. Ng6+ 1-0

[Event "*** Titled Tuesday 3|2 Blitz"]
[Site "Chess.com"]
[Date "2015.12.01"]
[Round "3"]
[White "BakaPG"]
[Black "FabianEnglert"]
[Result "1-0"]
[WhiteElo "2486"]
[BlackElo "2301"]
[TimeControl "180+2"]
[EndTime "11:32:50 PST"]
[Termination "BakaPG won by resignation"]

1. e4 g6 2. d4 Bg7 3. Nc3 d6 4.
Be3 a6 5. Qd2 Nd7 6. f3 b5 7.
Nge2 Bb7 8. g4 Rc8 9. Ng3 c5 10. dxc5 Nxc5 11. a3 Nf6 12. Bg2 h5 13. g5 Nfd7 14.
O-O Ne5 15. b3 O-O 16. Nge2 Re8 17. h3 Qc7 18. Rad1 Qb8 19. f4 Nc6 20. Nd5 Nd7 21. f5 Nde5 22. f6 Bh8 23. fxe7 Nxe7 24. Nf6+ Bxf6 25.
gxf6 N7c6 26. Bf2 Kh7 27. Qg5 Nd8 28. Be3 Ne6 29. Qh6+ Kg8 30. Nf4 Qc7 31. Rxd6 Rf8 32. Nxe6 fxe6 33. Rxe6 Rf7 34. Rxe5 Qxe5 35. Qxg6+ Kf8 36.
Bh6+ Ke8 37. Qg8+ 1-0

[Event "*** Titled Tuesday 3|2 Blitz"]
[Site "Chess.com"]
[Date "2015.12.01"]
[Round "3"]
[White "stefanodinn"]
[Black "oskariot"]
[Result "0-1"]
[WhiteElo "2144"]
[BlackElo "2249"]
[TimeControl "180+2"]
[EndTime "11:32:57 PST"]
[Termination "oskariot won by resignation"]

1. e4 c5 2. Nf3 d6 3. d4 cxd4 4. Nxd4 Nf6 5. f3 Nc6 6. c4 g6 7. Nc3 Bg7 8. Be3 O-O 9. Be2 Bd7 10. O-O Nxd4 11. Bxd4 a5 12. Qd2 Bc6 13. b3 Nd7 14. Be3 Nc5 15. Rab1 e6 16. Rfd1 Be5 17. Bf1 Qh4 18.
g3 Qf6 19. Nb5 Bxb5 20. cxb5 Qxf3 21. Bg2 Qf6 22. Bg5 Qh8 23. Be7 b6 24. Bxf8 Rxf8 25.
Kh1 h5 26. Qf2 Qh6 27. Bf3 Qg5 28. a3 f5 29. exf5 Qxf5 30. Rf1 Kg7 31. b4 axb4 32.
axb4 Ne4 33. Qxb6 Nd2 0-1

[Event "*** Titled Tuesday 3|2 Blitz"]
[Site "Chess.com"]
[Date "2015.12.01"]
[Round "3"]
[White "yopino"]
[Black "PowerThinking2650"]
[Result "1-0"]
[WhiteElo "2228"]
[BlackElo "2088"]
[TimeControl "180+2"]
[EndTime "11:33:04 PST"]
[Termination "yopino won by resignation"]

1. e4 e5 2. Nf3 Nc6 3. Bb5 a6 4. Bxc6 dxc6 5. O-O f6 6. d4 exd4 7. Nxd4 c5 8. Ne2 Qxd1 9. Rxd1 Bd7 10. Be3 O-O-O 11.
Nbc3 b6 12. f3 Ne7 13. Nd5 Nxd5 14. Rxd5 Be6 15. Rxd8+ Kxd8 16. Rd1+ Kc8 17. a3 Be7 18. h3 Rd8 19. Rxd8+ Kxd8 20. Kf2 f5 21. Nf4 Bd7 22.
e5 Bc6 23. Ne6+ Kd7 24. Nxg7 c4 25. c3 Bf8 26. Nxf5 Bd5 27. f4 b5 28. g4 a5 29. Nd4 b4 30. axb4 axb4 31. f5 b3 32.
e6+ Kd6 33. Bf4+ Ke7 34. g5 c5 35. f6+ Ke8 36. Nb5 Bxe6 37. Nc7+ Kf7 38. Nxe6 Kxe6 39. Kf3 h6 40. h4 hxg5 41. hxg5 Kf5 42. Be3 Bd6 43.
Bd2 Bf8 44. Kg3 Bd6+ 45. Kh4 Kg6 46. Kg4 Be5 47. Be1 Bc7 48. Bg3 Ba5 49. Be5 Bd8 50. Kf4 Ba5 51. Ke4 1-0

[Event "*** Titled Tuesday 3|2 Blitz"]
[Site "Chess.com"]
[Date "2015.12.01"]
[Round "3"]
[White "Thomaslegend"]
[Black "LADIESGET2KNOWME"]
[Result "0-1"]
[WhiteElo "2139"]
[BlackElo "2234"]
[TimeControl "180+2"]
[EndTime "11:33:20 PST"]
[Termination "LADIESGET2KNOWME won on time"]

1. d4 Nf6 2. c4 g6 3. Nc3 Bg7 4. e4 d6 5. h3 O-O 6. Bg5 Na6 7. Bd3 c5 8. d5 Nc7 9. a4 Rb8 10. Nf3 a6 11. O-O Bd7 12. Qe2 e5 13. dxe6 Bxe6 14.
Nd5 Ncxd5 15. cxd5 Bd7 16. a5 Re8 17. Qd2 Qc7 18. Rfe1 b5 19. axb6 Rxb6 20. Qa5 Reb8 21. Bc4 Bb5 22. b3 Nd7 23. Ra2 Ne5 24. Nxe5 Bxe5 25.
f4 Bd4+ 26. Kh2 Qd7 27. e5 Bxc4 28. bxc4 Qf5 29. Qd2 Rb2 30. Rxb2 Rxb2 31. Qa5 dxe5 32. Qd8+ Kg7 33. fxe5 Bxe5+ 34. Rxe5 Qxe5+ 35. Kg1 Rb1+ 36. Kf2 h5 0-1

[Event "*** Titled Tuesday 3|2 Blitz"]
[Site "Chess.com"]
[Date "2015.12.01"]
[Round "3"]
[White "UltimateCrusher2"]
[Black "DaPazz"]
[Result "0-1"]
[WhiteElo "2016"]
[BlackElo "1822"]
[TimeControl "180+2"]
[EndTime "11:33:21 PST"]
[Termination "DaPazz won by checkmate"]

1. e4 c6 2. d3 d5 3. Nd2 e5 4.
Ngf3 Bd6 5. g3 Nf6 6. Bg2 h6 7. O-O O-O 8. Re1 Re8 9. Nh4 Bg4 10. f3 Be6 11. Nf5 Bxf5 12. exf5 Nbd7 13. g4 Nf8 14. Nf1 N6h7 15. Ng3 Qh4 16. Be3 Ng5 17. Bf2 Nh3+ 18. Bxh3 Qxh3 19. c4 Nh7 20. Be3 d4 21. Bd2 e4 22.
Rxe4 Bxg3 23. hxg3 Qxg3+ 24. Kf1 Rxe4 25. fxe4 Qxd3+ 26. Qe2 Qh3+ 27. Qg2 Qd3+ 28. Qe2 Qh3+ 29. Qg2 Qd3+ 30. Kg1 Re8 31. Re1 Ng5 32. Bxg5 hxg5 33.
b3 b5 34. cxb5 cxb5 35. Re2 Rc8 36. Rd2 Rc1+ 37. Kh2 Qe3 38. Rf2 d3 39. Qg3 Qe1 40. Qg2 d2 41. Rxd2 Qh4+ 42. Qh3 Rh1+ 43. Kxh1 Qxh3+ 44.
Rh2 Qf1# 0-1

[Event "*** Titled Tuesday 3|2 Blitz"]
[Site "Chess.com"]
[Date "2015.12.01"]
[Round "3"]
[White "AnastasiaProtopopova"]
[Black "Blitzstream"]
[Result "0-1"]
[WhiteElo "1854"]
[BlackElo "2402"]
[TimeControl "180+2"]
[EndTime "11:33:25 PST"]
[Termination "Blitzstream won by resignation"]

1. Nf3 d5 2. d4 Nf6 3. c4 c6 4. e3 Bf5 5. Nbd2 e6 6. b3 Bd6 7.
Bb2 O-O 8. Be2 Nbd7 9. O-O Ne4 10. Nxe4 Bxe4 11. Nd2 Bg6 12. f4 Nf6 13. c5 Bc7 14. Nf3 Bh5 15. b4 Ne4 16. b5 cxb5 17. Bxb5 b6 18. c6 Nd6 19. Bd3 b5 20. Ba3 Rb8 21. Bc5 Re8 22. Qc2 Bg6 23. Bxg6 hxg6 24. Ne5 a5 25. Rab1 b4 26. a3 bxa3 27. Bxa3 Ne4 28.
Nd7 Rxb1 29. Rxb1 g5 30. f5 exf5 31. Rb5 f4 32. Rxd5 fxe3 33. Rf5 Ng3 34. hxg3 e2 35.
Rf1 exf1=Q+ 36. Kxf1 Bxg3 37. Qd2 Qc8 38. d5 Qa6+ 39. Kg1 Re1+ 40. Qxe1 Bxe1 41. c7 Qa7+ 42. Bc5 Qxc7 43. d6 Qxd7 0-1

[Event "*** Titled Tuesday 3|2 Blitz"]
[Site "Chess.com"]
[Date "2015.12.01"]
[Round "3"]
[White "SlovenskiZmaj"]
[Black "motivated_bishop"]
[Result "0-1"]
[WhiteElo "2299"]
[BlackElo "2269"]
[TimeControl "180+2"]
[EndTime "11:33:29 PST"]
[Termination "motivated_bishop won by resignation"]

1. e4 e5 2. Nf3 Nc6 3. Bc4 Bc5 4.
c3 Nf6 5. d3 a6 6. Nbd2 Ba7 7. b4 O-O 8. O-O d5 9. Bb3 h6 10. h3 Be6 11. Qe2 d4 12. c4 Nxb4 13. Nxe5 Re8 14. f4 Nd7 15. Nxd7 Bxd7 16. a3 Nc6 17. Nf3 Bc5 18. Kh2 a5 19. g4 a4 20.
Bc2 Na5 21. Rb1 Ra6 22. Bd2 Bxa3 23. Bxa5 Rxa5 24. Rxb7 Bc5 25. Ra1 a3 26. Nd2 Bc6 27. Rbb1 Qf6 28. Qf3 g5 29. Nb3 Rea8 30. Nxa5 Rxa5 31.
Rb8+ Kg7 32. Kg2 gxf4 33. Bb3 Bd6 34. Ba2 h5 35. Rab1 hxg4 36. Qxg4+ Rg5 37. Kf3 Rxg4 38. hxg4 Qh4 39. c5 Qg3+ 40. Ke2 f3+ 0-1

[Event "*** Titled Tuesday 3|2 Blitz"]
[Site "Chess.com"]
[Date "2015.12.01"]
[Round "3"]
[White "Colombiano07"]
[Black "chessbia"]
[Result "1-0"]
[WhiteElo "2097"]
[BlackElo "1912"]
[TimeControl "180+2"]
[EndTime "11:33:29 PST"]
[Termination "Colombiano07 won by resignation"]

1. e4 e5 2. Nf3 Nc6 3. d4 exd4 4. Nxd4 Bc5 5. Be3 Qf6 6. c3 Nge7 7. Bc4 O-O 8. O-O Ne5 9. Bb3 d5 10. exd5 Ng4 11.
Qf3 Qg6 12. Bc2 Qd6 13. Bf4 Qxd5 14. Qxd5 Nxd5 15. Bg3 c6 16. Nd2 a5 17. Rae1 Bd7 18. h3 Ngf6 19. Ne4 Nxe4 20. Bxe4 Nf6 21. Bf3 Rfe8 22.
Bh4 Nd5 23. Bg3 Nb6 24. b3 g6 25. Nc2 Rxe1 26. Rxe1 Re8 27. Rxe8+ Bxe8 28. Kf1 f5 29.
Ke2 Kf7 30. Kd3 Bd7 31. Ne3 Be6 32. Kd2 h6 33. Be2 g5 34. Be5 Be7 35. Bd4 c5 36. Be5 a4 37. Kc2 axb3+ 38. axb3 Nd7 39. Bc7 Bf6 40. Bc4 f4 41. Nd5 Bg7 42. Nb6 Nxb6 43.
Bxe6+ Kxe6 44. Bxb6 Kd5 45. Kd3 h5 46. c4+ Kc6 47. Bd8 g4 48. hxg4 hxg4 49. f3 gxf3 50.
gxf3 b5 51. Ke4 bxc4 52. bxc4 Bh6 53. Bf6 Kd6 54. Be5+ Kc6 55. Bxf4 Bg7 56. Be5 Bf8 57. Kf5 Kb6 58. Ke6 Ka5 59. Bd6 Bxd6 60. Kxd6 Kb4 61.
Kd5 1-0

[Event "*** Titled Tuesday 3|2 Blitz"]
[Site "Chess.com"]
[Date "2015.12.01"]
[Round "3"]
[White "Maitreia"]
[Black "AdrianaNikolova"]
[Result "1-0"]
[WhiteElo "2464"]
[BlackElo "2245"]
[TimeControl "180+2"]
[EndTime "11:33:32 PST"]
[Termination "Maitreia won by resignation"]

1. c4 e5 2. g3 Nf6 3. Bg2 d5 4. cxd5 Nxd5 5. Nc3 Nb6 6. Nf3 Nc6 7. O-O Be7 8. Rb1 O-O 9. b4 f6 10. b5 Nd4 11. d3 Nf5 12. Qb3+ Kh8 13. a4 a5 14. Ba3 Bxa3 15. Qxa3 Be6 16. Rfc1 Nd5 17. Nxd5 Bxd5 18.
e4 Ne7 19. exd5 Nxd5 20. Rc4 Nb4 21. d4 e4 22. Nd2 f5 23. Rbc1 c6 24. bxc6 bxc6 25.
f3 Nd3 26. R1c3 Ne5 27. dxe5 Qxd2 28. Qc1 Qd5 29. fxe4 fxe4 30. Rxe4 Qa2 31. Rc2 Qb3 32. Rc3 Qa2 33. Rf3 Rxf3 34. Bxf3 Rf8 35. Rf4 Rd8 36. Bg2 Rb8 37. Qf1 Kg8 38. h4 h5 39. Kh2 Qxa4 40. Rxa4 1-0

[Event "*** Titled Tuesday 3|2 Blitz"]
[Site "Chess.com"]
[Date "2015.12.01"]
[Round "3"]
[White "Ginger_GM"]
[Black "riconaipe"]
[Result "1-0"]
[WhiteElo "2474"]
[BlackElo "2302"]
[TimeControl "180+2"]
[EndTime "11:33:34 PST"]
[Termination "Ginger_GM won by resignation"]

1. d4 d5 2. c4 c6 3. Nc3 Nf6 4.
Nf3 a6 5. h4 g6 6. cxd5 cxd5 7.
Bf4 Nc6 8. e3 Bg4 9. Be2 Bg7 10.
Ne5 Bxe2 11. Qxe2 Nxe5 12. Bxe5 O-O 13. O-O Rc8 14. Rfc1 e6 15. g3 Qa5 16. Qd1 b5 17. a4 b4 18. Ne2 Ne4 19. Bxg7 Kxg7 20. Nf4 Rc7 21. Rxc7 Qxc7 22. Rc1 Qb8 23. Qc2 b3 24.
Qc7 Kf6 25. g4 h6 26. Qc6 Kg7 27. Qd7 Nf6 28. Nxe6+ Kg8 29. Qe7 fxe6 30. Rc7 Qxc7 31. Qxc7 Ne4 32. f4 Nd2 33. Qc6 Kf7 34. g5 hxg5 35. hxg5 Nc4 36. Qb7+ Kg8 37. Qxb3 a5 38. Qd3 Kg7 39. b3 Nd6 40. Qa6 Nf5 41. Qxa5 Nxe3 42. Qc7+ Kg8 43. a5 Rf7 44. Qc8+ Kg7 45. a6 Rxf4 46.
Qc7+ Rf7 47. Qxf7+ Kxf7 48. a7 1-0

[Event "*** Titled Tuesday 3|2 Blitz"]
[Site "Chess.com"]
[Date "2015.12.01"]
[Round "3"]
[White "LyonBeast"]
[Black "amaidel"]
[Result "1-0"]
[WhiteElo "2714"]
[BlackElo "2393"]
[TimeControl "180+2"]
[EndTime "11:33:35 PST"]
[Termination "LyonBeast won by resignation"]

1. Nf3 f5 2. d3 d6 3. e4 e5 4. Nc3 f4 5. d4 Nd7 6. dxe5 dxe5 7. Bc4 Bb4 8. O-O Bxc3 9. bxc3 Qe7 10. a4 Nb6 11.
Ba3 c5 12. Bb3 Bg4 13. a5 Rd8 14. Qe2 Nd7 15. Rfd1 Ngf6 16. Rd2 Be6 17. Rad1 Bxb3 18. cxb3 O-O 19. Qc4+ Kh8 20. Ng5 Rc8 21. Rd6 h6 22.
Nf3 b6 23. Nh4 Kh7 24. Nf5 Qf7 25. f3 bxa5 26. Qxf7 Rxf7 27. Ra6 Rb8 28. Rxa7 Rxb3 29. Bxc5 Rxc3 30. Bd6 g6 31. Ne7 Nb6 32. Bxe5 Rb3 33.
Bxf6 Rxf6 34. Nd5+ 1-0

[Event "*** Titled Tuesday 3|2 Blitz"]
[Site "Chess.com"]
[Date "2015.12.01"]
[Round "3"]
[White "Makalexa"]
[Black "silverback96"]
[Result "1-0"]
[WhiteElo "2062"]
[BlackElo "1907"]
[TimeControl "180+2"]
[EndTime "11:33:35 PST"]
[Termination "Makalexa won by resignation"]

1. e4 e6 2. d4 d5 3. exd5 exd5 4.
Nf3 Bd6 5. c4 dxc4 6. Bxc4 Nf6 7.
Nc3 O-O 8. O-O Nc6 9. Re1 Bg4 10. h3 Bxf3 11. Qxf3 Nxd4 12. Qd3 c5 13. Bg5 h6 14.
Be3 a6 15. a4 Rb8 16. Rad1 Re8 17. g3 Qc7 18. Bxd4 cxd4 19. Rxe8+ Rxe8 20. Nd5 Nxd5 21.
Bxd5 Bc5 22. Rc1 Qd6 23. Qc4 Rc8 24. Bxf7+ Kh8 25. b4 b6 26. bxc5 Rxc5 27. Qf1 d3 28.
Rxc5 bxc5 29. Bb3 d2 30. Bd1 Qe5 31. Qe2 Qa1 32. Qe8+ Kh7 33. Qe4+ g6 34. Qc2 Qd4 35. h4 c4 36. h5 c3 37. Qxg6+ Kh8 38. Qxh6+ Kg8 39.
Bb3+ 1-0

[Event "*** Titled Tuesday 3|2 Blitz"]
[Site "Chess.com"]
[Date "2015.12.01"]
[Round "3"]
[White "VMikhalevski"]
[Black "chessmaxusa"]
[Result "1-0"]
[WhiteElo "2464"]
[BlackElo "2315"]
[TimeControl "180+2"]
[EndTime "11:33:39 PST"]
[Termination "VMikhalevski won by checkmate"]

1. c4 c6 2. Nf3 d5 3. e3 Nf6 4. Nc3 Bf5 5. cxd5 Nxd5 6. Qb3 Nb6 7. a4 a5 8. d4 e6 9. e4 Bg6 10. Be2 Bb4 11. O-O Bxc3 12. bxc3 Bxe4 13. Ba3 N8d7 14.
c4 f6 15. Qe3 f5 16. Ng5 Nf6 17. Nxe6 Qd7 18. Nc5 Qc7 19. Ne6 Qd7 20. d5 Nc8 21. Nc5 Qc7 22. f3 f4 23. Qd4 Bf5 24. Bd3 Bxd3 25. Rfe1+ Kf7 26. Qxd3 Nd6 27. Ne6 Qd7 28.
dxc6 Qxc6 29. Ng5+ Kg8 30. Qxd6 Qxd6 31. Bxd6 h6 32.
Ne4 Kf7 33. Nxf6 Kxf6 34. Bxf4 Rac8 35. Re4 Rhd8 36. Rb1 Rc6 37. Rxb7 Rd1+ 38. Kf2 g5 39.
Be5+ Kf5 40. g4+ Ke6 41. Bg7+ Kd6 42. Bf8# 1-0

[Event "*** Titled Tuesday 3|2 Blitz"]
[Site "Chess.com"]
[Date "2015.12.01"]
[Round "3"]
[White "Frolyanov_D"]
[Black "Canairez"]
[Result "1-0"]
[WhiteElo "2463"]
[BlackElo "2217"]
[TimeControl "180+2"]
[EndTime "11:33:40 PST"]
[Termination "Frolyanov_D won on time"]

1. d4 c6 2. c4 d5 3. Nf3 Nf6 4. Nc3 dxc4 5. a4 Bf5 6. Ne5 e6 7. f3 Bb4 8. Nxc4 c5 9. dxc5 Qxd1+ 10. Kxd1 Nc6 11. e4 Bg6 12. Be3 O-O-O+ 13. Nd6+ Kb8 14.
Kc2 Nd7 15. Bb5 Nxc5 16. Rad1 Rd7 17. Bf4 Ka8 18. Bxc6 bxc6 19. Nc4 Rhd8 20. Rxd7 Rxd7 21. Rd1 Rxd1 22. Nxd1 f6 23. Nc3 Bxc3 24. bxc3 Nxa4 25. Bd6 Bf7 26. Bf8 g5 27. Bg7 f5 28. Ne5 Be8 29.
Bf6 g4 30. fxg4 fxe4 31. g5 Nc5 32. h4 a5 33. g4 a4 34. h5 a3 35. g6 hxg6 36.
h6 a2 37. Kb2 e3 38. h7 e2 39.
Nf3 Nd3+ 40. Kxa2 1-0

[Event "*** Titled Tuesday 3|2 Blitz"]
[Site "Chess.com"]
[Date "2015.12.01"]
[Round "3"]
[White "BIG_Pirate"]
[Black "GMharikrishna"]
[Result "0-1"]
[WhiteElo "2271"]
[BlackElo "2525"]
[TimeControl "180+2"]
[EndTime "11:33:52 PST"]
[Termination "GMharikrishna won by resignation"]

1. Nf3 Nf6 2. c4 b6 3. g3 Bb7 4. Bg2 c5 5. O-O g6 6. d4 cxd4 7. Qxd4 Bg7 8. Qh4 h6 9. Nc3 Nc6 10. Nd5 Rc8 11. Rd1 Na5 12. Nd2 e6 13. Nxf6+ Bxf6 14. Qf4 g5 15. Qd6 Bxg2 16. Kxg2 Nxc4 17. Nxc4 Rxc4 18. Be3 Qc7 19. Qd3 Bxb2 20. Rab1 Bf6 21. Qa3 Rc3 22. Qa4 Qc6+ 23. Qxc6 Rxc6 24. Rb3 Ke7 25. Ra3 Rc7 26. Bd2 Rhc8 27. Bb4+ Ke8 28. Bd6 Rb7 29. Rd2 Rc6 30. Ra4 Be7 31. Be5 f6 32.
Bd4 d5 33. Bb2 Rbc7 34. e4 Rc4 35. Rxc4 dxc4 36. Bc3 b5 37. Rb2 Rb7 38. Ba5 b4 39.
Kf3 Rb5 40. Bc7 Kd7 0-1

[Event "*** Titled Tuesday 3|2 Blitz"]
[Site "Chess.com"]
[Date "2015.12.01"]
[Round "3"]
[White "Rickstereo"]
[Black "Tirantes"]
[Result "1-0"]
[WhiteElo "2218"]
[BlackElo "2213"]
[TimeControl "180+2"]
[EndTime "11:34:12 PST"]
[Termination "Rickstereo won on time"]

1. c4 e5 2. Nc3 Nf6 3. Nf3 Nc6 4. d4 exd4 5. Nxd4 Bb4 6. Bg5 h6 7. Bh4 Bxc3+ 8. bxc3 d6 9. e3 Ne5 10. Be2 Ng6 11.
Bg3 O-O 12. Qc2 Re8 13. Bf3 Ne5 14. Be2 Be6 15. Nxe6 Rxe6 16. O-O Qd7 17. Rfd1 Qc6 18. Rab1 b6 19. Rd4 Rae8 20. a4 a5 21. Rb5 Qa8 22.
h3 Ned7 23. Bf3 Qd8 24. Bc6 R8e7 25. Bd5 Nxd5 26. cxd5 Rg6 27. Bh4 Nf6 28. Rf4 Re5 29. c4 Qe7 30. Rb3 Rh5 31. Rd3 Qe5 32. Rdd4 Nd7 33.
Rde4 Qa1+ 34. Kh2 Ne5 35. Bg3 Qf1 36. Rd4 Kf8 37. Rd1 Rxh3+ 38. Kxh3 1-0

[Event "*** Titled Tuesday 3|2 Blitz"]
[Site "Chess.com"]
[Date "2015.12.01"]
[Round "3"]
[White "Schemato"]
[Black "AndrewMcStone"]
[Result "0-1"]
[WhiteElo "2088"]
[BlackElo "2000"]
[TimeControl "180+2"]
[EndTime "11:34:15 PST"]
[Termination "AndrewMcStone won on time"]

1. c4 f5 2. g3 Nf6 3. Bg2 e6 4.
Nf3 Be7 5. O-O O-O 6. d3 Nc6 7. Nc3 d6 8. e4 fxe4 9. dxe4 e5 10. h3 Be6 11. b3 Kh8 12. Be3 Qd7 13. Kh2 h6 14.
Nh4 Kh7 15. Nd5 g5 16. Nf5 Bxf5 17. exf5 Qxf5 18. Nxc7 Rac8 19. Nd5 Nxd5 20. Qxd5 Kg7 21. Be4 Qf7 22. Qd2 Bf6 23. Rad1 Nd4 24. f4 gxf4 25. gxf4 Kh8 26. fxe5 Bxe5+ 27. Kh1 Qg7 28. Bxd4 Rxf1+ 29. Rxf1 Bxd4 30. Qf4 Rg8 31. Qf5 Be5 32. Qf3 Qg3 0-1

[Event "*** Titled Tuesday 3|2 Blitz"]
[Site "Chess.com"]
[Date "2015.12.01"]
[Round "3"]
[White "GianmarcoVaR"]
[Black "Saitama_Hero"]
[Result "1-0"]
[WhiteElo "2235"]
[BlackElo "2123"]
[TimeControl "180+2"]
[EndTime "11:34:25 PST"]
[Termination "GianmarcoVaR won on time"]

1. d4 Nf6 2. Nf3 g6 3. c4 Bg7 4. g3 d5 5. Bg2 O-O 6. O-O dxc4 7. Na3 Nc6 8. Nxc4 Bf5 9. e3 Nd5 10. Qe2 Ndb4 11. Ne1 e5 12. a3 Na6 13. dxe5 Nc5 14. Bxc6 bxc6 15. e4 Bh3 16. Ng2 Nb3 17. Be3 Nxa1 18.
Rxa1 Qe7 19. b4 Rfd8 20. Bc5 Qe8 21. f4 Qe6 22. Nge3 f6 23. exf6 Bxf6 24. e5 Be7 25.
Bxe7 Qxe7 26. Qf3 Rd4 27. Qxc6 Rad8 28. Qf3 Be6 29. Rc1 Rd3 30. Qc6 Qf7 31. Qc5 Bc8 32. Na5 Qa2 33. Qc4+ Qxc4 34. Nexc4 Bh3 35. Kf2 Kf7 36.
Nc6 R8d7 37. Nxa7 Be6 38. Nb5 Bxc4 39. Rxc4 Rd2+ 40. Kf3 R7d3+ 41. Ke4 Rb3 42. Rxc7+ Ke8 43. Rxh7 1-0

[Event "*** Titled Tuesday 3|2 Blitz"]
[Site "Chess.com"]
[Date "2015.12.01"]
[Round "3"]
[White "KnightSeeSix"]
[Black "kharposh"]
[Result "1-0"]
[WhiteElo "2150"]
[BlackElo "2101"]
[TimeControl "180+2"]
[EndTime "11:34:52 PST"]
[Termination "KnightSeeSix won by resignation"]

1. e4 e5 2. Nf3 Nc6 3. Bb5 Nf6 4. Nc3 Bb4 5. O-O d6 6. d3 Bg4 7. h3 Bh5 8. Bg5 Bxc3 9. bxc3 h6 10. Bh4 g5 11.
Bg3 g4 12. hxg4 Bxg4 13. Bh4 Rg8 14. Kh1 Qe7 15. Qe2 Qe6 16. Bc4 d5 17. exd5 Nxd5 18. Qe4 Nxc3 19. Bxe6 Nxe4 20. Bxg4 Rxg4 21. dxe4 Rxe4 22.
Rfe1 Rc4 23. Kg1 Kf8 24. Bg3 f6 25. Rab1 b6 26. Re2 Nb4 27. Rb2 a5 28. a3 Nd5 29.
Rd2 c6 30. Bxe5 fxe5 31. Nxe5 Rc5 32. Nd7+ Ke7 33. Nxc5 bxc5 34. c4 Nf4 35. g3 Ne6 36. Rb7+ Kf6 37. Rh7 Nd4 38. Kg2 Kg6 39. Rd7 Rb8 40. Ra7 Nb3 41. Rd6+ Kg5 42. Rg7+ Kf5 43. Rxh6 Nd4 44. Rd7 Rb3 45. Rh5+ Ke4 46. a4 Rb4 47. Rxc5 Rxa4 48. Re7+ Kd3 49. Re3+ Kc2 50. g4 Rb4 51. Rxa5 Rxc4 52. g5 Nf5 53. Rxf5 1-0

[Event "*** Titled Tuesday 3|2 Blitz"]
[Site "Chess.com"]
[Date "2015.12.01"]
[Round "3"]
[White "ruifeng"]
[Black "armago"]
[Result "1-0"]
[WhiteElo "2166"]
[BlackElo "2102"]
[TimeControl "180+2"]
[EndTime "11:34:53 PST"]
[Termination "ruifeng won on time"]

1. e4 c5 2. Nc3 e6 3. g3 d5 4. Bg2 d4 5. Nce2 Nc6 6. d3 h5 7. h3 h4 8. g4 e5 9. f4 exf4 10.
Bxf4 Bd6 11. Nf3 Qc7 12. Qd2 Nge7 13. O-O Ng6 14. Bxd6 Qxd6 15. Rae1 Nce5 16. Nxe5 Qxe5 17. Nf4 Nxf4 18. Rxf4 Be6 19. Rf5 Qc7 20. Rf2 O-O-O 21.
b4 c4 22. dxc4 Qxc4 23. e5 Qxa2 24. Qd3 Qc4 25. Qf3 Qc7 26. Ra1 Qb6 27. Ra5 Kb8 28. Qd3 Rc8 29. Rb5 Qc7 30. Qe4 Qc6 31. Qxc6 Rxc6 32.
Bxc6 Kc7 33. Bxb7 Rb8 34. Ba6 Rd8 35. Rc5+ Kb6 36. Bc4 d3 37. Bxd3 Rd4 38. Rb5+ Kc6 39. Rb8 g5 40. Rf1 Kc7 41. Ra8 Kb6 42. Ra1 Rd7 43.
Ra6+ Kb7 44. R6xa7+ Kc6 45. Be4+ Kb5 46. Rxd7 Bxd7 47.
Rb8+ Kc4 48. Bd3+ Kd4 49. b5 Kc5 50. b6 Kc6 51. Be4+ Kc5 52. b7 Kb6 53. Rd8 1-0

[Event "*** Titled Tuesday 3|2 Blitz"]
[Site "Chess.com"]
[Date "2015.12.01"]
[Round "3"]
[White "Fandorine"]
[Black "AleksandrNevski"]
[Result "1-0"]
[WhiteElo "2533"]
[BlackElo "2352"]
[TimeControl "180+2"]
[EndTime "11:34:59 PST"]
[Termination "Fandorine won by resignation"]

1. e4 e5 2. Nf3 Nc6 3. Nc3 Nf6 4. g3 Bb4 5. Bg2 Bxc3 6. bxc3 O-O 7. O-O Re8 8. d3 d5 9. exd5 Nxd5 10. c4 Nde7 11. Rb1 Rb8 12. h3 f6 13. Nd2 Be6 14. Ne4 b6 15. Kh2 Qd7 16. f4 exf4 17. Bxf4 Ng6 18. Bd2 Kh8 19. Bc3 Nd4 20. c5 Rbd8 21. a3 Rf8 22.
Qd2 Ne5 23. Qf2 Bg8 24. Bb4 Rf7 25. Bc3 Rff8 26. Rbe1 Qa4 27. Rc1 a5 28. g4 Qd7 29.
Kh1 h6 30. Rb1 b5 31. Bxd4 Qxd4 32. Qxd4 Rxd4 33. Rxb5 Ra4 34. Ra1 Bh7 35. Nc3 Rd4 36. Rxa5 h5 37. gxh5 Bf5 38. Rf1 Bd7 39. Ra8 Rxa8 40.
Bxa8 Be6 41. Rb1 Kh7 42. Be4+ Kh6 43. a4 Kxh5 44. a5 Rd8 45. a6 c6 46. Ne2 Ra8 47.
Nf4+ Kh4 48. Nxe6 Rxa6 49. Nxg7 Ra2 50. Nf5+ Kxh3 51. Ne3 Ra7 52. d4 Ng4 53. Bf5 Kg3 54.
Nxg4 Ra1 55. Rxa1 1-0

[Event "*** Titled Tuesday 3|2 Blitz"]
[Site "Chess.com"]
[Date "2015.12.01"]
[Round "3"]
[White "lukas_111111"]
[Black "BellJackson95"]
[Result "1-0"]
[WhiteElo "2219"]
[BlackElo "2145"]
[TimeControl "180+2"]
[EndTime "11:35:03 PST"]
[Termination "lukas_111111 won by resignation"]

1. e4 e5 2. Nf3 Nc6 3. Bb5 f5 4. d3 fxe4 5. dxe4 Nf6 6. O-O Bc5 7. Qd3 d6 8. Qc4 Bd7 9. Nc3 Qe7 10. Nd5 Nxd5 11.
exd5 Nd4 12. Bxd7+ Qxd7 13. Nxd4 Bxd4 14. a4 a6 15. Be3 Bb6 16. Bxb6 cxb6 17. Qb4 Qc7 18.
Ra3 Qc5 19. Qg4 O-O 20. Qe6+ Kh8 21. Rc3 Qb4 22. Rc7 Qxa4 23. Qxd6 Qb5 24. Qxe5 Rf6 25.
Rxb7 Raf8 26. Rb8 h6 27. Rxf8+ Rxf8 28. Rd1 Qc5 29. Qd4 Qd6 30. g3 Rc8 31. c4 b5 32.
b3 Rc5 33. Re1 bxc4 34. bxc4 Rc8 35. Re6 Qb4 36. Qe4 Qa4 37. d6 Rd8 38. c5 Qd1+ 39. Kg2 a5 40. Re8+ Rxe8 41. Qxe8+ Kh7 42. Qe4+ Kg8 43.
Qe6+ Kh7 44. Qf5+ Kg8 45. d7 h5 46. c6 h4 47. gxh4 Qd6 48. Qg5 Qxc6+ 49. f3 Qc2+ 50.
Kh3 Qf2 51. d8=Q+ Kh7 52. Qd3+ Kg8 53. Qdd5+ Kf8 54. Qgf5+ 1-0

[Event "*** Titled Tuesday 3|2 Blitz"]
[Site "Chess.com"]
[Date "2015.12.01"]
[Round "3"]
[White "GeorgMeier"]
[Black "Iball95"]
[Result "1-0"]
[WhiteElo "2627"]
[BlackElo "2425"]
[TimeControl "180+2"]
[EndTime "11:35:28 PST"]
[Termination "GeorgMeier won by checkmate"]

1. Nf3 Nf6 2. g3 d5 3. Bg2 c5 4. O-O Nc6 5. d4 e6 6. c4 cxd4 7. cxd5 Qxd5 8. Nxd4 Qc5 9. Nxc6 bxc6 10. Be3 Qb5 11. Nc3 Qa6 12. Qa4 Nd5 13. Rfc1 Be7 14. Bd4 O-O 15. Qb3 Bd7 16. Bf3 Rab8 17. Qc2 Rb4 18. Be5 f6 19. a3 Rb7 20. Bd4 Rc8 21.
b4 Rbc7 22. Ne4 Be8 23. Bc5 Bf7 24. Bxe7 Rxe7 25. b5 Qb6 26. Nd6 Rcc7 27. bxc6 Be8 28. Nxe8 Rxe8 29. Rab1 Qa5 30. Qd3 Rec8 31. Rb5 Qa4 32.
Bxd5 exd5 33. Qxd5+ Kf8 34. Qd6+ Kf7 35. Qb4 Qa6 36.
Qc4+ Kf8 37. Rc5 Qxa3 38. h4 Qb2 39. h5 Qd2 40. Qe6 Re8 41. Qf5 Rxe2 42. R5c2 Re1+ 43.
Rxe1 Qxe1+ 44. Kh2 Qe5 45. Qxh7 a5 46. Qh8+ Kf7 47.
Rd2 Rxc6 48. Rd7+ Ke6 49. Qe8+ Kf5 50. Qg6+ Ke6 51. Qf7+ Kf5 52. Re7 Re6 53. Qg6# 1-0